 Dungeon Crawl Stone Soup version 0.19.1-1-g22dce08 (webtiles) character file.

70 Joat the Ruffian (level 4, 0/37 HPs)
             Began as a Draconian Transmuter on Jan 4, 2017.
             Was a Follower of Uskayaw.
             Slain by a white imp (4 damage)
             ... summoned by Natasha
             ... on level 3 of the Dungeon.
             The game lasted 00:10:48 (2178 turns).

Joat the Ruffian (Draconian Transmuter)             Turns: 2178, Time: 00:10:51

Health: 0/37       AC:  7    Str: 13    XL:     4   Next: 4%
Magic:  7/7        EV: 12    Int: 14    God:    Uskayaw [*.....]
Gold:   85         SH:  0    Dex: 11    Spells: 2 memorised, 3 levels left

rFire  + . .     SeeInvis .     d - +1 mace (drain)
rCold  x . .     Gourm    .     (armour unavailable)
rNeg   . . .     Faith    .     (no shield)
rPois  .         Spirit   .     (helmet restricted)
rElec  .         Reflect  .     r - +0 cloak
rCorr  .         Harm     .     l - +0 pair of gloves (curse)
MR     .....                    (no boots)
Stlth  +.........               (no amulet)
                                (no ring)
                                f - ring of fire

@: slowed, very slow
A: unfitting armour, cold-blooded, AC +5
a: Stomp, Renounce Religion


You were on level 3 of the Dungeon.
You worshipped Uskayaw.
Uskayaw was noncommittal.
You were not hungry.

You visited 1 branch of the dungeon, and saw 3 of its levels.

You collected 85 gold pieces.

Inventory:

Hand Weapons
 d - a +1 mace of draining (weapon)
Missiles
 a - 12 arrows
 n - 8 tomahawks (quivered)
Armour
 l - a cursed +0 pair of gloves (worn)
 r - a +0 cloak (worn)
Jewellery
 f - a ring of fire (left hand)
Scrolls
 e - a scroll of identify {unknown}
 g - a scroll of noise {unknown}
 h - a scroll of enchant armour {unknown}
 j - 2 scrolls of remove curse {unknown}
Potions
 k - 2 potions of agility {unknown}
 m - a potion of curing {unknown}
 p - a potion of degeneration {unknown}
 q - 2 potions of heal wounds {unknown}
Books
 b - a book of Changes

   Spells                             Type                      Level
   a - Beastly Appendage              Transmutation                1
   b - Sticks to Snakes               Transmutation                2
   c - Spider Form                    Transmutation/Poison         3
   d - Ice Form                       Ice/Transmutation            4
   e - Blade Hands                    Transmutation                5
Comestibles
 c - 4 bread rations
 i - 6 chunks of flesh
 o - 3 fruits
 s - a meat ration


   Skills:
 + Level 2.5 Fighting
 - Level 2.1 Dodging
 - Level 3.4 Unarmed Combat
 - Level 2.0 Spellcasting
 - Level 2.0 Transmutations
 + Level 2.0 Poison Magic


You had 3 spell levels left.
You knew the following spells:

 Your Spells              Type           Power        Failure   Level  Hunger
a - Beastly Appendage     Tmut           #.....       12%         1    ##.....
v - Spider Form           Tmut/Pois      #.........   30%         3    ####...


Dungeon Overview and Level Annotations

Branches:
Dungeon (3/15)

Altars:
Makhleb
Nemelex Xobeh
Trog
Uskayaw
Xom

Annotations:
D:3 1 runed door, Natasha


Innate Abilities, Weirdness & Mutations

Your plain brown scales are hard. (AC +5)
You cannot fit into any form of body armour.
You are cold-blooded and may be slowed by cold attacks.


Message History

Natasha barely misses you. The white imp misses you.
You barely miss Natasha.
Natasha is heavily wounded.
Natasha claws you.
The white imp hits you but does no damage.
Natasha barely misses you.
You barely miss Natasha.
Natasha is heavily wounded.
The white imp misses you. Natasha claws you but does no damage.
The white imp gestures at you. The puff of frost hits you!
You feel a terrible chill!
* * * LOW HITPOINT WARNING * * *
You closely miss Natasha. You punch Natasha.
Natasha is severely wounded.
Natasha stares at you and mumbles some strange words.
You feel yourself slow down. The white imp hits you.
* * * LOW HITPOINT WARNING * * *
The white imp freezes you.
You feel a terrible chill!
You feel as though you will be slow longer.
You die...

###########
#....@h5..+
#.##5######
#.##.######.<.
#>............
####.######### #####
#...# #########...#
#.### #...#.....#.#
#...# #.#.#.....#.#
###.#####.#.#.......#


You could see an iron imp, Natasha and a white imp.

Vanquished Creatures
  A gnoll (D:1)
  An ooze (D:1)
  3 dart slugs
  A leopard gecko (D:2)
  2 orcs
  3 giant cockroaches
  5 goblins
  4 hobgoblins
  2 ball pythons
  2 bats
  8 frilled lizards
  8 kobolds
  10 rats
50 creatures vanquished.

Notes
Turn   | Place    | Note
-------+----------+-------------------------------------------
     0 | D:1      | Joat the Draconian Transmuter began the quest for the Orb.
     0 | D:1      | Reached XP level 1. HP: 16/16 MP: 3/3
   167 | D:1      | Reached XP level 2. HP: 20/24 MP: 5/5
   913 | D:1      | Reached XP level 3. HP: 30/30 MP: 6/6
   934 | D:1      | Learned a level 3 spell: Spider Form
  1267 | D:2      | Reached skill level 1 in Poison Magic
  1417 | D:2      | Found a shimmering altar of Xom.
  1417 | D:2      | Found a sparkling altar of Nemelex Xobeh.
  1563 | D:2      | Found a hide-covered altar of Uskayaw.
  1581 | D:2      | Became a worshipper of Uskayaw the Reveler
  1746 | D:2      | Reached * piety under Uskayaw
  1747 | D:2      | Found a bloodstained altar of Trog.
  1967 | D:2      | Found a burning altar of Makhleb.
  2023 | D:3      | Found a runed door.
  2096 | D:3      | Reached XP level 4. HP: 34/37 MP: 7/7
  2171 | D:3      | Noticed Natasha
  2178 | D:3      | Slain by a white imp

Skill      XL: |  1  2  3  4 |
---------------+-------------+-----
Fighting       | 2 |  2.5
Dodging        | 2 |  2.1
Poison Magic   | 1 2 |  2.0
Unarmed Combat | |  3.4
Spellcasting   | |  2.0
Transmutations | |  2.0

Action                   |  1- 3 |  4- 6 || total
-------------------------+-------+-------++-------
Melee: Mace              |   123 |    13 ||   136
       Tailslap          |    10 |     1 ||    11
       Unarmed           |     5 |       ||     5
       Punch             |       |     1 ||     1
 Cast: Spider Form       |     1 |       ||     1
 Stab: Sleeping          |     1 |       ||     1
  Eat: Chunk             |     4 |       ||     4
Armor: Skin              |    36 |     5 ||    41
Dodge: Dodged            |    81 |     8 ||    89
